Unix NetHack Version 5.0.0-0 post-release - last build Jun 10 2026 00:39:30 (3ee93aec679c4c4259841fe613dc97188e26a321,branch:main).

Game began 2026-07-08 02:12:53, ended 2026-07-12 00:34:46.

Kwijibo4686, neutral female human Valkyrie

               ---------------------
               |.....|......[......|
   ---------   |.---.|.|.{...-----.|
   |.......|   |...|...|...|.| |...|
 ---.---.|.--- |.|.|...|.---.| |.---
 |...| |.|...| |.|.....|.......|...
 |------.|--.|--.|  ...|----------------
 |...|...|...|...|   ..| |.%.|.........|
 |.|.-----.|.|.--- - -.| -.|.|.........|
 |.|.......|.|..*..| ..| ..|.[....<...)|
 |.|------.|--.--- | -.-----%|.......*.|
 |.|.....|.|...|..   |...|*+.|.........|
 |.-.....|--.|.|.--  ---.|.|.|----------
 |.|.%.*.|...|.*...    |..*|
 |.------|%--------    |--.|
 |...|*..|.."uV@"|     |...|
 |.|.|.-.-------"|     ---.-
 |.|...........".|       |..
 -----------------       ---
Kwijibo4686 the Fighter     St:18/03 Dx:13 Co:18 In:11 Wi:10 Ch:8  Neutral
Dlvl:12 $:91 HP:0(72) Pw:17(17) AC:-2 Xp:6 T:4665 

Latest messages:
 You hit the vampire bat!
 The vampire bat misses!
 The vampire bat bites!
 The vampire bat bites!
 The vampire bat bites again!
 You hit the vampire bat!
 The vampire bat bites!
 The vampire bat bites again!
 You hit the vampire bat!
 The vampire bat bites!
 The vampire bat bites again!
 The vampire bat's bite was poisoned!
 The vampire bat bites!
 The vampire bat bites again!
 You kill the vampire bat!
 The seemingly dead vampire bat suddenly transforms and rises as a vampire lord!
 The vampire lord hits!
 The vampire lord bites!
 You hit the vampire lord!
 The vampire lord hits!
 The vampire lord bites!
 The vampire lord hits!
 The vampire lord bites!
 Are you sure you want to pray? [yn] (n) y
 You begin praying to Odin.
 You are surrounded by a shimmering light.
 The vampire lord starts to attack you, but pulls back.
 The vampire lord starts to attack you, but pulls back.
 The vampire lord starts to attack you, but pulls back.
 You finish your prayer.
 You feel that Odin is well-pleased.
 You feel much better.
 You miss the vampire lord.
 The vampire lord hits!
 The vampire lord bites!
 Farvel level 8.
 You miss the vampire lord.
 You miss the vampire lord.
 The vampire lord hits!
 The vampire lord bites!
 Farvel level 7.
 You feel slow!
 You hit the vampire lord!
 The vampire lord hits!
 The vampire lord bites!
 You miss the vampire lord.
 The vampire lord hits!
 The vampire lord bites!
 You die...
 Do you want your possessions identified? [ynq] (y) q

Inventory:
 Coins    ('$')
  $ - 91 gold pieces
 Weapons  (')')
  H - a +1 spear (weapon in right hand)
 Armor    ('[')
  f - an uncursed +0 dwarvish iron helm (being worn)
  A - an uncursed +0 pair of kicking boots (being worn)
  c - an uncursed burnt +3 small shield (being worn)
  g - an uncursed +0 dwarvish mithril-coat (being worn)
 Comestibles  ('%')
  b - an uncursed orange
  X - an uncursed tripe ration
 Scrolls  ('?')
  r - an uncursed scroll of blank paper
  p - an uncursed scroll of charging
  e - an uncursed scroll of food detection
  d - an uncursed scroll of genocide
 Potions  ('!')
  s - an uncursed potion of booze
  q - an uncursed potion of gain ability
 Wands    ('/')
  T - a wand of cold (0:1)
  n - a wand of lightning (0:4)
  Z - a wand of polymorph (0:8)
 Tools    ('(')
  a - an uncursed bag of holding containing 25 items
  U - an uncursed blindfold
  o - an uncursed brass lantern
  z - an uncursed lock pick
  l - an uncursed oil lamp (lit)
  P - a +0 pick-axe
  m - an uncursed skeleton key
 Gems/Stones  ('*')
  h - an uncursed luckstone

Contents of the bag of holding:
  141 gold pieces
  a cursed amulet of restful sleep
  an uncursed cram ration
  4 uncursed food rations
  an uncursed lembas wafer
  an uncursed partly eaten lichen corpse
  an uncursed lichen corpse
  2 uncursed scrolls of teleportation
  a cursed scroll of teleportation
  an uncursed scroll of earth
  an uncursed scroll of light
  4 uncursed scrolls of identify
  an uncursed scroll of create monster
  an uncursed potion of water
  2 uncursed potions of healing
  a cursed potion of healing
  a blessed potion of gain energy
  a cursed potion of restore ability
  an uncursed potion of levitation
  an uncursed potion of extra healing
  a cursed potion of extra healing
  an uncursed potion of object detection
  an uncursed +2 ring of protection
  2 uncursed tallow candles
  an uncursed wax candle

Kwijibo4686 the Valkyrie's attributes:

Background:
 You were a Fighter, a level 6 human Valkyrie.
 You were neutral, on a mission for Odin
 who was opposed by Tyr (lawful) and Loki (chaotic).
 You were right-handed.
 You were in the Gnomish Mines, on level 12.
 You entered the dungeon 4665 turns ago.
 It was the midnight hour.
 You had 639 experience points, 1 more was needed to attain level 7.

Basics:
 You had 0 out of 72 hit points.
 You had all 17 energy points (spell power).
 Your armor class was -2.
 Your wallet contained 91 zorkmids, and
 you had 141 more stashed away in your pack.
 Autopickup was on for '$?!/="' plus thrown.

Final Characteristics:
 Your strength was 18/03 (peak:18/04, limit:18/100).
 Your dexterity was 13 (limit:18).
 Your constitution was 18 (limit:18).
 Your intelligence was 11 (limit:18).
 Your wisdom was 10 (limit:18).
 Your charisma was 8 (limit:18).

Final Status:
 You were trapped in a web.
 You weren't hungry.
 You were unencumbered.
 You were wielding a spear.
 You had expert skill with spear.

Final Attributes:
 You were piously aligned.
 You were cold resistant.
 You were sleep resistant.
 You were telepathic.
 You were stealthy.
 You were guarded.
 You were lucky.
 You had extra luck.
 Bad luck did not time out for you.
 Good luck did not time out for you.
 You are dead.

Miscellaneous:
 You didn't encounter any bones levels.
 Total elapsed playing time was 39 minutes and 13 seconds.

Major events:
 Turn
    1: Kwijibo4686 the neutral human Valkyrie entered the dungeon
  950: attained the rank of Skirmisher (level 3)
 1305: entered the Gnomish Mines
 1950: attained the rank of Fighter (level 6)
 3137: reached Mine Town
 4665: killed by a vampire lord

You didn't know any spells.

Skills:
 Fighting Skills
   bare handed combat [Unskilled]
   two weapon combat  [Unskilled]
   riding             [Unskilled]
 Weapon Skills
   dagger             [Basic]
   axe                [Unskilled]
   pick-axe           [Unskilled]
   short sword        [Unskilled]
   broadsword         [Unskilled]
   long sword         [Unskilled]
   two-handed sword   [Unskilled]
   saber              [Unskilled]
   hammer             [Unskilled]
   quarterstaff       [Unskilled]
   polearms           [Unskilled]
   spear              [Expert]
   trident            [Unskilled]
   lance              [Unskilled]
   sling              [Unskilled]
 Spellcasting Skills
   attack spells      [Unskilled]
   escape spells      [Unskilled]

Voluntary challenges:
 Character rerolling was not enabled.
 You never genocided any monsters.
 You never polymorphed an object.
 You never changed form.
 You used no wishes.
Achievements:
 You entered a shop.
 You attained the rank of Skirmisher.
 You entered the Gnomish Mines.
 You attained the rank of Fighter.
 You entered Minetown.
 You entered a temple.

 The Dungeons of Doom: levels 1 to 4
    Level 1:
       A sink.
    Level 2: "v & c"
       A scroll shop, a fountain, a sink.
    Level 3:
       A general store.
    Level 4:
       A sink.
       Stairs down to The Gnomish Mines.
 The Gnomish Mines: levels 5 to 12
    Level 5:
    Level 6:
    Level 7:
    Level 8:
       Many shops, a temple and an altar to Odin, some fountains, some trees.
    Level 9:
    Level 10:
    Level 11:
    Level 12: <- You were here.
       A fountain.
       Final resting place for
          you, killed by a vampire lord.


Vanquished creatures:
  a vampire
 an ettin mummy
  a flaming sphere
  a shocking sphere
 an elf mummy
  a human mummy
  3 giant spiders
  a vampire bat
  a gnome ruler
  2 orc mummies
  a werewolf
  2 Green-elves
  a jaguar
  a gnome mummy
  a snake
  2 human zombies
  4 Woodland-elves
  2 soldier ants
  2 wood nymphs
 10 Uruk-hai
  a rock piercer
  3 yellow lights
 10 gnome leaders
  5 gnomish wizards
  a floating eye
 14 dwarves
  4 hill orcs
  3 rothes
 an orc zombie
  4 dwarf zombies
 an iguana
  a coyote
  a gas spore
  3 hobbits
  2 giant rats
  a brown mold
 53 gnomes
  a gnome zombie
  a gecko
  2 jackals
  a fox
  2 kobolds
  a goblin
  a sewer rat
 10 grid bugs
  5 lichens
  2 kobold zombies
  2 newts
175 creatures vanquished.

No species were genocided or became extinct.

Game over:
                       ----------
                      /          \
                     /    REST    \
                    /      IN      \
                   /     PEACE      \
                  /                  \
                  |   Kwijibo4686    |
                  |      232 Au      |
                  |   killed by a    |
                  |   vampire lord   |
                  |                  |
                  |                  |
                  |       2026       |
                 *|     *  *  *      | *
        _________)/\\_//(\/(/\)/\//\/|_)_______

Farvel Kwijibo4686 the Valkyrie...

You died in The Gnomish Mines on dungeon level 12 with 10395 points,
and 232 pieces of gold, after 4665 moves.
You were level 6 with a maximum of 72 hit points when you died.

